 Dungeon Crawl Stone Soup version 0.30-a0-778-g2ef04afb54 (webtiles) character file.

Game seed: 14641619762261359780

125 AzureAlchemist the Magician (level 5, -3/31 HPs)
             Began as an Octopode Earth Elementalist on Feb 16, 2023.
             Was a Follower of Cheibriados.
             Slain by a gnoll
             ... wielding a +0 halberd
              (9 damage)
             ... on level 3 of the Dungeon.
             The game lasted 00:07:29 (2210 turns).

AzureAlchemist the Magician (OpEE)                  Turns: 2210, Time: 00:07:30

Health: -3/31      AC:  1    Str: 10    XL:     5   Next: 9%
Magic:  3/11       EV: 13    Int: 21    God:    Cheibriados [*.....]
Gold:   215        SH:  0    Dex: 14    Spells: 2/12 levels left

rFire   . . .      SeeInvis .    g - +0 dagger
rCold   . . .      Faith    .    (no shield)
rNeg    . . .      Spirit   .    (helmet restricted)
rPois   .          Reflect  .    (no amulet)
rElec   .          Harm     .    (no ring)
rCorr   .          Rampage  .    (no ring)
Will    .....                    (no ring)
Stlth   +++                      (no ring)
HPRegen 0.25/turn                (no ring)
MPRegen 0.12/turn                (no ring)
                                 (no ring)
                                 (no ring)

@: very slow
A: almost no armour, amphibious, 8 rings, camouflage 1, gelatinous body 1,
(nimble swimmer 1), tentacles
a: Renounce Religion, Bend Time


You were on level 3 of the Dungeon.
You worshipped Cheibriados.
Cheibriados was aware of your devotion.
You visited 1 branch of the dungeon, and saw 3 of its levels.

You collected 215 gold pieces.

Inventory:

Hand Weapons
 g - a +0 dagger (weapon)
Jewellery
 o - an amulet of faith
Scrolls
 c - a scroll of magic mapping {unknown}
 d - 4 scrolls of identify {unknown}
 f - a scroll of teleportation {unknown}
 h - a scroll of torment {unknown}
 i - 2 scrolls of fear {unknown}
 k - 3 scrolls of immolation {unknown}
 m - a scroll of acquirement {unknown}
Potions
 a - a potion of magic
 b - a potion of heal wounds {unknown}
 e - a potion of attraction {unknown}
 j - a potion of berserk rage {unknown}
 l - 2 potions of mutation {unknown}
 n - a potion of invisibility {unknown}
 p - a potion of curing {unknown}
 q - a potion of brilliance {unknown}
 r - a potion of haste {unknown}


   Skills:
 - Level 2.0 Dodging
 - Level 2.6 Stealth
 - Level 4.0 Spellcasting
 + Level 2.5 Conjurations
 - Level 1.0 Transmutations
 - Level 3.0 Earth Magic


You had 2 spell levels left.
You knew the following spells:

 Your Spells              Type           Power      Damage    Failure   Level
a - Sandblast             Erth           32%        2d9       3%          1
b - Passwall              Tmut/Erth      10%        N/A       8%          2
c - Stone Arrow           Conj/Erth      30%        3d8       12%         3
d - Petrify               Tmut/Erth      12%        N/A       45%         4

Your spell library contained the following spells:

 Spells                   Type           Power      Damage    Failure   Level
 Beastly Appendage        Tmut           16%        N/A       8%          1
 Wereblood                Tmut           8%         N/A       12%         2
 Spider Form              Tmut/Pois      6%         N/A       28%         3
 Frozen Ramparts          Ice            8%         1d2       34%         3
 Ice Form                 Ice/Tmut       6%         N/A       67%         4
 Summon Ice Beast         Ice/Summ       4%         N/A       75%         4


Dungeon Overview and Level Annotations

Branches:
Dungeon (3/15)

Altars:
Cheibriados


Innate Abilities, Weirdness & Mutations

You cannot wear most types of armour.
You are amphibious.
You can wear up to eight rings at the same time.
Your skin changes colour to match your surroundings (Stealth+).
Your rubbery body absorbs attacks. (AC +1, EV +1)
((You are camouflaged when in or above water. (Stealth+)))
You have tentacles for arms and can constrict up to eight enemies at once.


Message History

The blast of sand hits the gnoll!
The gnoll is severely wounded.
Aiming: Sandblast (safe; 3% risk of failure)
Press: ? - help, Q - select action, (/) - cycle Shift-Dir - straight line, f/p - gnoll
Aim: a gnoll, wielding a +0 whip (severely wounded, 84% to hit)
The blast of sand hits the gnoll.
The gnoll is almost dead.
The gnoll closely misses you. The gnoll hits you with a +0 whip.
Aiming: Sandblast (safe; 3% risk of failure)
Press: ? - help, Q - select action, (/) - cycle Shift-Dir - straight line, f/p - gnoll
Aim: a gnoll, wielding a +0 whip (almost dead, 84% to hit)
The blast of sand misses the gnoll.
The blast of sand hits the gnoll but does no damage.
The gnoll hits you with a +0 whip.
Aiming: Sandblast (safe; 3% risk of failure)
Press: ? - help, Q - select action, (/) - cycle Shift-Dir - straight line, f - gnoll, p - gnoll
Aim: a gnoll, wielding a +0 halberd (84% to hit)
The blast of sand hits the gnoll!
You kill the gnoll!
Cheibriados thoroughly appreciates the change of pace.
The gnoll hits you with a +0 club.
Your magical contamination has completely faded away.
Aiming: Sandblast (safe; 3% risk of failure)
Press: ? - help, Q - select action, (/) - cycle Shift-Dir - straight line, f/p - gnoll
Aim: a gnoll, wielding a +0 halberd (84% to hit)
The blast of sand hits the gnoll!
The gnoll is almost dead.
The gnoll closely misses you.
The gnoll hits you from afar with a +0 halberd!
* * * LOW HITPOINT WARNING * * *
Aiming: Sandblast (safe; 3% risk of failure)
Press: ? - help, Q - select action, (/) - cycle Shift-Dir - straight line, f/p - gnoll
Aim: a gnoll, wielding a +0 halberd (84% to hit)
The blast of sand hits the gnoll!
You kill the gnoll!
Cheibriados thoroughly appreciates the change of pace.
You can now bend time to slow others.
Cheibriados raises the support of your attributes as your movement slows.
The gnoll hits you from afar with a +0 halberd!
You die...

#..##### ###..#... #......#
######## †....).##### #......#
............ #.####.# #.......#
#.####.### #.......####.
#.#.......
#.##.#.......###########.#.##.###
#.##<...#####...@)g........##.#
#.###...# #.#####..#.......†# #
#.###...# #....###.####### #
#.......# #.##..#..# #
#####...#####.##. #<...## ## #
#........... ...>.h[ #.
#####...†####.# .####.... #.
..............## .. .gg. #.
........)......# .. ... #†


You could see a gnoll.

Vanquished Creatures
  A mummy (D:3)
  2 gnolls (D:3)
  4 adders (D:3)
  2 dart slugs
  4 orcs (D:3)
  6 bats
  3 endoplasms
  4 giant cockroaches
  2 hobgoblins (D:3)
  3 jackals (D:3)
  2 kobolds (D:1)
  6 ball pythons
  4 frilled lizards
  7 goblins
  11 rats
61 creatures vanquished.

Notes
Turn   | Place    | Note
-------+----------+-------------------------------------------
     0 | D:1      | AzureAlchemist the Octopode Earth Elementalist began the
                  | quest for the Orb.
     0 | D:1      | Reached XP level 1. HP: 11/11 MP: 3/3
   287 | D:1      | Reached XP level 2. HP: 17/17 MP: 2/5
   291 | D:1      | Learned a level 2 spell: Passwall
   755 | D:2      | Found a faded altar of an unknown god.
   758 | D:2      | Reached skill level 3 in Spellcasting
   864 | D:2      | Reached XP level 3. HP: 21/21 MP: 3/7
   868 | D:2      | Learned a level 3 spell: Stone Arrow
  1588 | D:3      | Reached XP level 4. HP: 27/27 MP: 7/9
  1675 | D:3      | Reached skill level 4 in Spellcasting
  1775 | D:3      | Reached skill level 1 in Conjurations
  1865 | D:3      | Learned a level 4 spell: Petrify
  1878 | D:3      | Found a snail-covered altar of Cheibriados.
  1944 | D:3      | Became a worshipper of Cheibriados the Contemplative
  2205 | D:3      | Reached XP level 5. HP: 24/31 MP: 8/11
  2210 | D:3      | Reached * piety under Cheibriados
  2210 | D:3      | Slain by a gnoll

Illustrated notes

Levels and vault maps discovered:
D:1:      arrival_zaba_pyramid, layout_rooms, minmay_pentomino_x4
D:2:      layout_basic, shapermc_ecumenical_altar_starsandcircs
D:3:      layout_loops_cross, minitemple, slow_altar_1, grunt_decor_arrowhead

Skill      XL: |  1  2  3  4 |
---------------+-------------+-----
Spellcasting   | 3 4 |  4.0
Conjurations   | 2 |  2.5
Dodging        | |  2.0
Stealth        | |  2.6
Transmutations | |  1.0
Earth Magic    | |  3.0

Action                     |  1- 3 |  4- 6 || total
---------------------------+-------+-------++-------
  Melee: Dagger            |       |     8 ||     8
         Constrict         |       |     2 ||     2
         Tentacles         |       |     2 ||     2
   Cast: Sandblast         |    43 |    46 ||    89
 Armour: Skin              |       |     2 ||     2
  Dodge: Dodged            |     4 |    20 ||    24

Table legend: (Time is in decaauts)
 A = Elapsed time spent in this place.
 B = Non-inter-level travel time spent in this place.
 C = Inter-level travel time spent in this place.
 D = Time resting spent in this place.
 E = Time spent auto-exploring this place.
 F = Levels seen in this place.
 G = Mean time per level.
                   A        B        C        D        E       F      G
               +--------+--------+--------+--------+--------+-----+--------+
         Total |   2297 |   2241 |     56 |    191 |   1645 |   3 |  765.7 |
       Dungeon |   2297 |   2241 |     56 |    191 |   1645 |   3 |  765.7 |
               +--------+--------+--------+--------+--------+-----+--------+

Top non-repeatable levels by time:
     D:3: 827 daAuts
     D:2: 766 daAuts
     D:1: 704 daAuts
